 Dungeon Crawl Stone Soup version 0.30-a0-377-g5cb311bc9f (webtiles) character file.

Game seed: 1305538889877217437

1367 theapuk the Cleaver (level 8, 0/62 HPs)
             Began as a Formicid Fighter on Nov 28, 2022.
             Killed from afar by Maggie (18 damage)
             ... with a bolt of fire
             ... on level 6 of the Dungeon.
             The game lasted 00:23:28 (5591 turns).

theapuk the Cleaver (Formicid Fighter)              Turns: 5591, Time: 00:23:30

Health: 0/62       AC:  2    Str: 23    XL:     8   Next: 97%
Magic:  8/8        EV: 12    Int:  8    God:
Gold:   349        SH:  6    Dex: 19    Spells: 7/7 levels left

rFire   . . .      SeeInvis +    v - +3 battleaxe (flame)
rCold   . . .      Faith    .    c - +0 buckler
rNeg    . . .      Spirit   .    (no body armour)
rPois   +          Reflect  .    (helmet unavailable)
rElec   .          Harm     .    (no cloak)
rCorr   .          Rampage  .    e - +0 pair of gloves
Will    .....                    h - +0 pair of boots
Stlth   ++........               (no amulet)
HPRegen 0.30/turn                n - +6 ring of dexterity
MPRegen 0.11/turn                m - ring of poison resistance

@: mesmerised
A: permanent stasis, dig shafts and tunnels, antennae 3, four strong arms
a: Dig, Shaft Self


You were on level 6 of the Dungeon.
You visited 1 branch of the dungeon, and saw 6 of its levels.
You also visited: Sewer and Ossuary.

You collected 577 gold pieces.
You spent 228 gold pieces at shops.

Inventory:

Hand Weapons
 v - a +3 battleaxe of flaming (weapon)
Missiles
 j - 2 throwing nets
Armour
 c - a +0 buckler (worn)
 e - a +0 pair of gloves (worn)
 h - a +0 pair of boots (worn)
 w - a +0 chain mail of fire resistance
 x - +0 ice dragon scales
 y - a +0 cloak
Magical Staves
 z - a staff of death
Jewellery
 m - a ring of poison resistance (right hand)
 n - a +6 ring of dexterity (left hand)
 o - a ring of resist corrosion
Scrolls
 a - a scroll of vulnerability
 f - 4 scrolls of immolation
 k - 2 scrolls of amnesia
 p - a scroll of enchant weapon {unknown}
 q - 4 scrolls of teleportation
 r - a scroll of identify
 t - 2 scrolls of magic mapping {unknown}
 A - a scroll of acquirement {unknown}
Potions
 b - 2 potions of flight
 d - 2 potions of mutation
 g - 3 potions of curing
 i - 4 potions of heal wounds
 l - 3 potions of resistance
 s - a potion of might


   Skills:
 + Level 5.3 Fighting
 + Level 8.2 Axes
 + Level 5.5 Armour
 + Level 1.4 Dodging
 + Level 5.4 Shields


You had 7 spell levels left.
You didn't know any spells.
Your spell library contained the following spells:

 Spells                   Type           Power      Damage    Failure   Level
 Slow                     Hex            0%         N/A       45%         1
 Ensorcelled Hibernation  Hex/Ice        0%         N/A       61%         2
 Sublimation of Blood     Necr           0%         N/A       61%         2
 Confusing Touch          Hex            0%         N/A       83%         3
 Frozen Ramparts          Ice            0%         1d1       83%         3
 Vampiric Draining        Necr           0%         2d6       83%         3
 Petrify                  Tmut/Erth      0%         N/A       99%         4
 Irradiate                Conj/Tmut      0%         3d11      100%        5
 Metabolic Englaciation   Hex/Ice        0%         N/A       100%        5


Dungeon Overview and Level Annotations

Branches:
Dungeon (6/15)              Sewer (visited)         Ossuary (visited)
 Temple: D:4-7

Altars:
Fedhas

Shops:
D:2 (

Annotations:
D:6 Maggie


Innate Abilities, Weirdness & Mutations

You cannot be hasted, slowed, berserked, paralysed or teleported.
You can dig through walls and to a lower floor.
You have a pair of large antennae on your head. (SInv)
Your four strong arms can wield two-handed weapons with a shield.


Message History

You finish taking off your +0 ice dragon scales.
You cannot move away from Maggie!
Okay, then.
You feel better.
You barely miss Maggie. You block Maggie's attack.
You hit Maggie. You burn Maggie.
Maggie is lightly wounded.
Maggie hits you with a +1 long sword of flaming.
Maggie burns you.
You slice Maggie!! You burn Maggie.
Maggie is heavily wounded.
Maggie hits you with a +1 long sword of flaming.
Maggie burns you.
You closely miss Maggie.
Maggie is heavily wounded.
Maggie hits you with a +1 long sword of flaming.
Maggie burns you. Maggie gestures at you while chanting.
The bolt of fire misses you.
You feel better.
You break out of your daze.
Maggie hits you with a +1 long sword of flaming.
Maggie burns you.
You barely miss Maggie.
Maggie is heavily wounded.
Maggie hits you with a +1 long sword of flaming!
* * * LOW HITPOINT WARNING * * *
Maggie burns you.
* * * LOW HITPOINT WARNING * * *
You feel better.
Maggie mumbles some strange words.
Maggie attempts to bespell you!
You are mesmerised by Maggie!
You slash Maggie! You burn Maggie.
Maggie is severely wounded.
Maggie gestures wildly while chanting.
Maggie draws you further into her thrall.
Maggie casts a spell at you. The bolt of fire hits you!!
You die...

### ### #####.#######.#
#<.!..@@......#
#####.#######.#########
#.............@....
#.####.##+#####.### #+#
#.....##...#
#.....##.### #.....##.
......##. .....###.


You could see Maggie (mesmerising).

Vanquished Creatures
  A water moccasin (Sewer)
  2 black bears (D:5)
  5 necrophages (D:4)
  2 scorpions
  4 hounds
  A jelly (D:5)
  2 iguanas (D:5)
  2 orc wizards (D:5)
  A hound zombie (D:4)
  8 mummies (Ossuary)
  8 adders
  8 gnolls (D:2)
  2 river rats (D:5)
  An ufetubus (D:5)
  3 adder zombies (D:4)
  2 worms
  3 dart slugs
  4 orcs (D:5)
  6 bats
  7 endoplasms
  7 giant cockroaches
  A gnoll zombie (Ossuary)
  4 goblins
  7 hobgoblins
  9 jackals
  4 quokkas
  8 ball pythons
  2 frilled lizards
  3 hobgoblin zombies (Ossuary)
  7 kobolds
  2 kobold zombies (Ossuary)
  2 orc zombies (Ossuary)
  5 rats
  A bush (D:4)
134 creatures vanquished.

Vanquished Creatures (others)
  4 demonic plants (D:3)
  3 fungi (D:3)
  36 plants
  4 withered plants (D:3)
47 creatures vanquished.

Grand Total: 181 creatures vanquished

Notes
Turn   | Place    | Note
-------+----------+-------------------------------------------
     0 | D:1      | theapuk the Formicid Fighter began the quest for the Orb.
     0 | D:1      | Reached XP level 1. HP: 18/18 MP: 1/1
   213 | D:1      | Reached XP level 2. HP: 24/24 MP: 2/2
  1045 | D:1      | Reached XP level 3. HP: 29/29 MP: 3/3
  1570 | D:2      | Reached skill level 3 in Axes
  1570 | D:2      | Reached XP level 4. HP: 24/35 MP: 4/4
  1797 | D:2      | Found Afrat's Antique Weapon Shop.
  1841 | D:2      | Reached XP level 5. HP: 36/42 MP: 5/5
  2438 | D:3      | Reached skill level 4 in Axes
  2729 | D:3      | Found a faded altar of an unknown god.
  2741 | D:3      | Reached XP level 6. HP: 46/48 MP: 6/6
  3254 | D:4      | Found a sand-covered staircase.
  3279 | Ossuary  | Entered an ossuary
  3552 | D:4      | Reached skill level 5 in Axes
  3552 | D:4      | Reached XP level 7. HP: 46/54 MP: 7/7
  3687 | D:2      | Bought a runed battleaxe for 228 gold pieces
  4272 | D:4      | Found a blossoming altar of Fedhas.
  4310 | D:4      | Reached skill level 6 in Axes
  4310 | D:4      | Reached skill level 5 in Armour
  4315 | D:4      | Reached skill level 1 in Dodging
  4334 | D:4      | Reached skill level 5 in Shields
  4334 | D:4      | Reached XP level 8. HP: 61/61 MP: 8/8
  4633 | D:5      | Entered Level 5 of the Dungeon
  4656 | D:5      | Reached skill level 7 in Axes
  4759 | D:5      | Identified the +1 leather armour of the Endless Expanse
                  | {+Inv rF+ Int+4 Slay-2}
  4917 | D:5      | Reached skill level 5 in Fighting
  5034 | D:5      | Found a glowing drain.
  5040 | D:5      | Reached skill level 8 in Axes
  5045 | Sewer    | Entered a sewer
  5363 | D:5      | Got the Almanac of Hypothermia
  5563 | D:6      | Noticed Maggie
  5591 | D:6      | Killed from afar by Maggie

Illustrated notes

Levels and vault maps discovered:
D:1:      minmay_arrival_checkered_box, layout_loops_ring,
          serial_co_window_serial, co_window_paths_a, co_window_paths_a,
          co_window_of_opportunity_a, co_window_paths_b, co_window_corner_a,
          co_window_paths_a, co_window_of_opportunity_a, co_window_paths_a,
          co_window_corner_a, co_window_2corner, co_window_unsneaky_path_b,
          co_window_of_opportunity_b, co_window_2corner, co_window_4corner_a,
          co_window_paths_e, palyth_stone_intersect
D:2:      layout_loops_ring, serial_shops, shop_fountains,
          amcnicky_mini_corridor_feature
D:3:      minmay_bubble_buster, layout_basic, shapermc_ecumenical_altar_gd
D:4:      layout_basic, fedhas_altar_decomposition,
          nicolae_ossuary_entry_false_entrances, serial_forest,
          infiniplex_forest_clump_small, infiniplex_forest_lined_3,
          infiniplex_forest_straight_4, infiniplex_forest_straight_4,
          infiniplex_forest_clump_cross, infiniplex_forest_join,
          infiniplex_forest_clump_double
D:5:      layout_basic, gup_sewer_entry_bubbles, serial_bayou_pond_a
D:6:      layout_basic, chequers_temple_overflow_statue_of_worship,
          minmay_temple_entry_junction, uniq_prince_ribbit1, uniq_maggie

Skill      XL: |  1  2  3  4  5  6  7  8 |
---------------+-------------------------+-----
Axes           | 3 4 5 6 8 |  8.2
Armour         | 4 5 |  5.5
Fighting       | 4 5 |  5.3
Dodging        | 1 |  1.4
Shields        | 5 |  5.4

Action                   |  1- 3 |  4- 6 |  7- 9 || total
-------------------------+-------+-------+-------++-------
Melee: War axe           |    67 |   162 |       ||   229
       Battleaxe         |       |       |   149 ||   149
  Use: Scroll            |       |     8 |     5 ||    13
       Potion            |       |     2 |     3 ||     5
Armor: Scale mail        |    38 |    20 |       ||    58
       Chain mail        |       |    71 |    37 ||   108
       Ice dragon scales |       |       |    45 ||    45
Dodge: Dodged            |    33 |    72 |    69 ||   174
Block: Buckler           |    18 |    42 |    41 ||   101

Table legend: (Time is in decaauts)
 A = Elapsed time spent in this place.
 B = Non-inter-level travel time spent in this place.
 C = Inter-level travel time spent in this place.
 D = Time resting spent in this place.
 E = Time spent auto-exploring this place.
 F = Levels seen in this place.
 G = Mean time per level.
                   A        B        C        D        E       F      G
               +--------+--------+--------+--------+--------+-----+--------+
         Total |   5762 |   5573 |    189 |      0 |   3359 |   8 |  720.2 |
       Dungeon |   5428 |   5239 |    189 |      0 |   3359 |   6 |  904.7 |
         Sewer |    110 |    110 |      0 |      0 |      0 |   1 |  110.0 |
       Ossuary |    223 |    223 |      0 |      0 |      0 |   1 |  223.0 |
               +--------+--------+--------+--------+--------+-----+--------+

Top non-repeatable levels by time:
     D:1: 1360 daAuts
     D:2: 1060 daAuts
     D:4: 1057 daAuts
     D:3: 1037 daAuts
     D:5: 850 daAuts
 Ossuary: 223 daAuts
   Sewer: 110 daAuts
     D:6: 61 daAuts
